 Dungeon Crawl Stone Soup version 0.23-a0-487-gc6253629db (webtiles) character file.

485 Octopork the Poker (level 7, -1/69 HPs)
             Began as an Octopode Fighter on Dec 1, 2018.
             Was a Follower of Makhleb.
             Slain by Purgy (3 damage)
             ... on level 4 of the Dungeon.
             The game lasted 00:10:21 (4360 turns).

Octopork the Poker (Octopode Fighter)               Turns: 4360, Time: 00:10:21

Health: -1/69      AC: 23    Str: 15    XL:     7   Next: 13%
Magic:  7/7        EV:  2    Int: 12    God:    Makhleb [*.....]
Gold:   294        SH: 11    Dex: 17    Spells: 6/6 levels left

rFire    . . .     SeeInvis .   a - +0 trident
rCold    . . .     Gourm    .   m - +1 shield
rNeg     + + +     Faith    .   (helmet currently unavailable)
rPois    +         Spirit   .   (no amulet)
rElec    .         Reflect  .   (no ring)
rCorr    .         Harm     .   (no ring)
MR       .....     NoTele   +   (no ring)
Stlth    +++.......             (no ring)
HPRegen  0.21/turn              (no ring)
MPRegen  0.10/turn              (no ring)
                                (no ring)
                                (no ring)

@: agile, tree-form
A: almost no armour, stealthy swim, (amphibious), 8 rings, (constrict 8)
a: Renounce Religion


You were on level 4 of the Dungeon.
You worshipped Makhleb.
Makhleb was aware of your devotion.
You were not hungry.
You were a tree.
You visited 1 branch of the dungeon, and saw 4 of its levels.

You collected 294 gold pieces.

Inventory:

Hand Weapons
 a - a +0 trident (weapon)
 b - a +0 hunting sling
   (You found it on level 4 of the Dungeon)
 h - a +0 blowgun
   (You found it on level 4 of the Dungeon)
Missiles
 j - 107 stones (quivered) {@Q2}
Armour
 m - a +1 shield (worn)
Scrolls
 k - 4 scrolls of immolation {unknown}
 l - a scroll of teleportation {unknown}
 o - a scroll of remove curse
 r - 2 scrolls of enchant armour
Potions
 c - 2 potions of curing
 d - a potion of might
 e - a potion of mutation {!q!q}
 i - 2 potions of flight
Comestibles
 f - 7 rations


   Skills:
 - Level 3.1 Fighting
 * Level 6.1 Polearms
 - Level 3.1 Dodging
 + Level 5.0 Shields


You had 6 spell levels left.
You didn't know any spells.
Your spell library was empty.

Dungeon Overview and Level Annotations

Branches:
Dungeon (4/15)
 Temple: D:4-7

Altars:
Cheibriados
Makhleb
Nemelex Xobeh
Sif Muna
Yredelemnul

Annotations:
D:4 Dowan, Purgy


Innate Abilities, Weirdness & Mutations

You cannot wear most types of armour.
You are very stealthy in the water. (Stealth+)
((You are amphibious.))
You can wear up to eight rings at the same time.
((You can use your tentacles to constrict eight enemies at once.))
((Your skin changes colour to match your surroundings (Stealth+).))
((Your rubbery body absorbs attacks. (AC +1, EV +1)))


Message History

Describe a (M)onster, (S)pell, s(K)ill, (A)bility, (C)ard, (I)tem, (F)eature,
Okay, then.
Really walk into a travel-excluded area?
Purgy shouts!
Firing (i - inventory)
j - 110 stones (quivered)
{@Q2}
Press: ? - help, Shift-Dir - straight line, f - Purgy
Aim: Purgy You shoot a stone {@Q2}.
The stone {@Q2} barely misses Purgy.
Firing (i - inventory)
j - 109 stones (quivered)
{@Q2}
Press: ? - help, Shift-Dir - straight line, f/p - Purgy
Aim: Purgy You shoot a stone {@Q2}.
The stone {@Q2} closely misses Purgy.
Firing (i - inventory)
j - 108 stones (quivered)
{@Q2}
Press: ? - help, Shift-Dir - straight line, f/p - Purgy
Aim: Purgy You shoot a stone {@Q2}.
The stone {@Q2} hits Purgy.
You aren't carrying any items that you can evoke without wielding.
a - a +0 trident (weapon)
Attack whom?
Press: ? - help, Dir - move target cursor, f/p - Purgy
Aim: Purgy (lightly wounded)
You reach to attack!
You puncture Purgy! You completely miss Purgy. Your squeeze misses Purgy.
You block Purgy's attack. Purgy barely misses you. Purgy misses you.
You miss Purgy.
Purgy clenches his claws.
Purgy closely misses you. You block Purgy's attack. Purgy closely misses you.
You puncture Purgy! Purgy barely misses you. You block Purgy's attack. x2
You miss Purgy. Purgy bites you! Purgy closely misses you.
You block Purgy's attack.
You puncture Purgy! You block Purgy's attack. Purgy claws you.
You block Purgy's attack.
You barely miss Purgy.
You block Purgy's attack. x2; Purgy closely misses you.
You completely miss Purgy. Purgy barely misses you. Purgy claws you.
You block Purgy's attack.
Your shield prevents you from hitting Purgy.
Purgy bites you. Purgy closely misses you. You block Purgy's attack.
Purgy bites you. You block Purgy's attack. Purgy barely misses you.
You closely miss Purgy. You block Purgy's attack. Purgy barely misses you.
Purgy completely misses you.
You closely miss Purgy. Purgy barely misses you. You block Purgy's attack. x2
You barely miss Purgy. You block Purgy's attack. Purgy closely misses you.
You block Purgy's attack.
Your shield prevents you from hitting Purgy.
Purgy hisses, "I bite!"
Purgy bites you. Purgy misses you. Purgy claws you.
You closely miss Purgy. You block Purgy's attack. Purgy claws you.
You block Purgy's attack.
You hit Purgy. You block Purgy's attack. Purgy claws you but does no damage.
Purgy claws you.
You hit Purgy. You block Purgy's attack. x2
Purgy claws you but does no damage.
You feel agile all of a sudden. You block Purgy's attack. Purgy misses you.
You block Purgy's attack.
You miss Purgy. Purgy closely misses you. You block Purgy's attack. x2
You puncture Purgy! Purgy completely misses you. You block Purgy's attack. x2
You closely miss Purgy.
Purgy pleads, "Don't hit me!"
You block Purgy's attack. Purgy closely misses you. You block Purgy's attack.
You hit Purgy. Purgy completely misses you. Purgy closely misses you. x2
You hit Purgy. Your squeeze misses Purgy. You block Purgy's attack.
Purgy barely misses you. You block Purgy's attack.
You hit Purgy. Purgy closely misses you. Purgy claws you.
Purgy completely misses you.
You puncture Purgy! Purgy bites you!
* * * LOW HITPOINT WARNING * * *
Purgy misses you. You block Purgy's attack.
You barely miss Purgy. You squeeze Purgy! You block Purgy's attack.
Purgy claws you.
* * * LOW HITPOINT WARNING * * *
You block Purgy's attack.
You hit Purgy but do no damage. Purgy completely misses you. Purgy claws you.
* * * LOW HITPOINT WARNING * * *
Purgy completely misses you.
You barely miss Purgy. Your squeeze misses Purgy. Purgy bites you.
* * * LOW HITPOINT WARNING * * *
Purgy completely misses you. Purgy misses you.
Really quaff
p - a potion of lignification {!q}?
You turn into a tree.
Your roots penetrate the ground.
You block Purgy's attack. Purgy claws you but does no damage. x2
You closely miss Purgy. You block Purgy's attack.
Purgy claws you but does no damage. x2
You closely miss Purgy. You block Purgy's attack.
Purgy claws you but does no damage. You block Purgy's attack.
Purgy snarls, "Go!
Away!"
You block Purgy's attack. x2; Purgy claws you but does no damage.
You hit Purgy. You block Purgy's attack. x2
Purgy claws you but does no damage.
Your shield prevents you from hitting Purgy.
Purgy bites you but does no damage. Purgy claws you but does no damage. x2
You completely miss Purgy. You block Purgy's attack.
Purgy claws you but does no damage. You block Purgy's attack.
You closely miss Purgy. You block Purgy's attack.
Purgy claws you but does no damage. x2
You hit Purgy. Purgy bites you.
* * * LOW HITPOINT WARNING * * *
Purgy claws you but does no damage. x2
You closely miss Purgy. Purgy bites you but does no damage.
You block Purgy's attack. Purgy claws you.
You die...

#.####.###.# #.##.#
#.#........# #....#
######.#.##.###.# #.#..##
.......#......<.#####.#...###
######.#.##.###.............#
#............>....###......#
#.###......####.#####......#
#.# ####.### #............#
#.# #.# #♣#####.###..#
##.#### #.# #T#####......#
......# #.# #.......#.#..#
##.##.# #.# #.#######.#..#
#.##.# #.# #.# #.......#
##.##.# #.# #(# #.......##
##.##.#
#.######(####........#
...##(#
#.......(........###.##
#####.# #.######..###....#
#..#


You could see Purgy.

Vanquished Creatures
  Blork the orc (D:4)
  2 hounds (D:4)
  3 orc wizards
  Natasha (D:3)
  An iguana (D:4)
  3 worker ants (D:4)
  A howler monkey skeleton (D:4)
  5 adders
  2 worms
  4 dart slugs (D:1)
  3 leopard geckos
  11 orcs
  A ball python (D:1)
  5 bats
  5 giant cockroaches (D:1)
  6 hobgoblins
  6 jackals
  10 kobolds
  A quokka (D:4)
  3 frilled lizards
  3 goblins (D:1)
  A quokka skeleton (D:4)
  11 rats
  A plant (D:2)
90 creatures vanquished.

Notes
Turn   | Place    | Note
-------+----------+-------------------------------------------
     0 | D:1      | Octopork the Octopode Fighter began the quest for the Orb.
     0 | D:1      | Reached XP level 1. HP: 16/16 MP: 1/1
    66 | D:1      | Reached XP level 2. HP: 20/21 MP: 2/2
   590 | D:1      | Reached XP level 3. HP: 19/26 MP: 3/3
   685 | D:1      | Reached skill level 3 in Polearms
   847 | D:2      | Found a burning altar of Makhleb.
   847 | D:2      | Found a snail-covered altar of Cheibriados.
   863 | D:2      | Found a basalt altar of Yredelemnul.
   998 | D:2      | Reached XP level 4. HP: 29/31 MP: 4/4
  1145 | D:2      | Became a worshipper of Makhleb the Destroyer
  1587 | D:3      | Reached skill level 4 in Polearms
  1994 | D:3      | Reached XP level 5. HP: 26/36 MP: 5/5
  2013 | D:3      | Reached skill level 4 in Shields
  2518 | D:3      | Noticed Natasha
  2523 | D:3      | Killed Natasha
  2762 | D:4      | Found a deep blue altar of Sif Muna.
  2762 | D:4      | Found a sparkling altar of Nemelex Xobeh.
  2798 | D:4      | Noticed Blork the orc
  2821 | D:4      | Reached skill level 5 in Polearms
  2821 | D:4      | Reached XP level 6. HP: 33/42 MP: 6/6
  3053 | D:4      | Noticed Purgy
  3201 | D:4      | Reached * piety under Makhleb
  3204 | D:4      | Noticed Dowan
  3943 | D:4      | Killed Blork the orc
  3943 | D:4      | Reached skill level 6 in Polearms
  3943 | D:4      | Reached skill level 5 in Shields
  3943 | D:4      | Reached XP level 7. HP: 24/46 MP: 7/7
  4348 | D:4      | HP: 11/46 [Purgy (9)]
  4351 | D:4      | HP: 2/46 [Purgy (4)]
  4359 | D:4      | HP: 1/69 [Purgy (4)]
  4360 | D:4      | Slain by Purgy

Vault maps used:
D:1:      dpeg_arrival_connections
D:2:      gammafunk_temple_overflow_forgotten
D:3:      cheibrodos_old_hovel, uniq_natasha
D:4:      gammafunk_temple_overflow_wave, first_ration, uniq_blork_the_orc,
          uniq_duvessa, uniq_purgy

Skill      XL: |  1  2  3  4  5  6 |
---------------+-------------------+-----
Polearms       | 3 4 5 6 |  6.1
Shields        | 4 5 |  5.0
Fighting       | |  3.1
Dodging        | |  3.1

Action                   |  1- 3 |  4- 6 |  7- 9 || total
-------------------------+-------+-------+-------++-------
Melee: Trident           |    84 |   151 |    34 ||   269
       Constrict         |    16 |    36 |       ||    52
       Tentacles         |    16 |    26 |     1 ||    43
 Fire: Hunting sling     |       |     3 |     3 ||     6
  Use: Scroll            |       |    12 |       ||    12
       Potion            |       |     1 |     2 ||     3
 Stab: Sleeping          |     8 |     5 |       ||    13
  Eat: Chunk             |       |     9 |       ||     9
       Ration            |       |       |     1 ||     1
Armor: Skin              |     2 |    17 |    18 ||    37
Dodge: Dodged            |    23 |    42 |    30 ||    95
Block: Shield            |    15 |    43 |    47 ||   105

Table legend:
 A = Non-vault XP
 B = Vault XP
 C = Vault XP percentage of total XP
 D = Non-vault monster count
 E = Vault monster count
 F = Vault count percentage of total count
                 A         B        C        D         E       F
            +---------+---------+-------+---------+---------+-------
      Total |     565 |     128 |  18.5 |      86 |       3 |   3.4
            +---------+---------+-------+---------+---------+-------
        D:1 |      54 |       0 |   0.0 |      26 |       0 |   0.0
        D:2 |      79 |       0 |   0.0 |      28 |       0 |   0.0
        D:3 |      87 |      41 |  32.0 |      12 |       2 |  14.3
        D:4 |     345 |      87 |  20.1 |      20 |       1 |   4.8
            +---------+---------+-------+---------+---------+-------

Table legend:
 A = Turns spent in this place as a percentage of turns spent in the entire game.
 B = Non-inter-level travel turns spent in this place as a percentage of non-inter-level travel turns spent in the entire game.
 C = Inter-level travel turns spent in this place as a percentage of turns spent in this place.
 D = Turns resting spent in this place as a percentage of non-inter-level travel turns spent in this place.
 E = Turns spent auto-exploring this place as a percentage of non-inter-level travel turns spent in this place.
 F = Non-inter-level travel turns spent in this place divided by the number of levels of this place that you've seen.
                   A       B       C       D       E      F
               +-------+-------+-------+-------+-------+----------------------
         Total | 100.0 | 100.0 |   3.4 |  37.0 |  40.7 | 1053.0
       Dungeon | 100.0 | 100.0 |   3.4 |  37.0 |  40.7 | 1053.0
               +-------+-------+-------+-------+-------+----------------------

Table legend:
 A = Kills in this place as a percentage of kills in entire the game.
 B = Kills by you in this place as a percentage of kills by you in the entire game.
 C = Kills by friends in this place as a percentage of kills by friends in the entire game.
 D = Other kills in this place as a percentage of other kills in the entire game.
 E = Experience gained in this place as a percentage of experience gained in the entire game.
 F = Experience gained in this place divided by the number of levels of this place that you have seen.
                   A       B       C       D       E      F
               +-------+-------+-------+-------+-------+----------------------
         Total | 100.0 | 100.0 |   N/A |   N/A | 100.0 | 173.2
       Dungeon | 100.0 | 100.0 |   N/A |   N/A | 100.0 | 173.2
               +-------+-------+-------+-------+-------+----------------------
